 Dungeon Crawl Stone Soup version 0.21-a0-404-g291f19a (webtiles) character file.

2940 tof the Cleaver (level 9, -1/81 HPs)
             Began as a Minotaur Berserker on Oct 29, 2017.
             Was an Elder of Trog.
             Succumbed to a hornet's poison
             ... on level 8 of the Dungeon.
             The game lasted 00:15:17 (6592 turns).

tof the Cleaver (Minotaur Berserker)                Turns: 6592, Time: 00:15:18

Health: -1/81      AC: 16    Str: 25    XL:     9   Next: 51%
Magic:  8/8        EV: 10    Int:  9    God:    Trog [****..]
Gold:   409        SH:  0    Dex: 12    Spells: 8/8 levels left

rFire    . . .     SeeInvis .   d - +0 battleaxe
rCold    . . .     Gourm    .   (shield currently unavailable)
rNeg     . . .     Faith    .   b - +0 plate armour
rPois    .         Spirit   .   (helmet restricted)
rElec    .         Reflect  .   a - +0 cloak
rCorr    .         Harm     .   w - +0 pair of gloves
MR       +....                  (no boots)
Stlth    ..........             (no amulet)
HPRegen  0.23/turn              q - ring of protection from magic
MPRegen  0.11/turn              C - +2 ring of dexterity

@: brilliant, lethally poisoned (-1 -> -23), slowed, very slow
A: retaliatory headbutt, horns 2
a: Berserk, Trog's Hand, Brothers in Arms, Burn Spellbooks, Renounce Religion


You were on level 8 of the Dungeon.
You worshipped Trog.
Trog was greatly pleased with you.
You were not hungry.

You visited 1 branch of the dungeon, and saw 8 of its levels.

You collected 409 gold pieces.

Inventory:

Hand Weapons
 d - a +0 battleaxe (weapon)
Armour
 a - a +0 cloak (worn)
 b - a +0 plate armour (worn)
 w - a +0 pair of gloves (worn)
Jewellery
 q - a ring of protection from magic (left hand)
 u - an uncursed ring of protection from magic
 A - an uncursed ring of protection from fire
 C - a +2 ring of dexterity (right hand)
Wands
 i - a wand of digging (12/24)
 t - a wand of polymorph (12/24)
 z - a wand of clouds (3/9)
 G - a wand of digging (8/24)
Scrolls
 e - 6 scrolls of remove curse
 g - 2 scrolls of enchant armour
 m - 4 scrolls of teleportation
 p - a scroll of blinking
 y - 2 scrolls of fear
 B - a scroll of enchant weapon {unknown}
 E - a scroll of fog {unknown}
Potions
 j - 4 potions of heal wounds {unknown}
 k - 3 potions of haste {unknown}
 l - 3 potions of curing {unknown}
 n - a potion of might {unknown}
 v - 2 potions of mutation {unknown}
 D - 3 potions of flight {unknown}
 F - a potion of berserk rage {unknown}
 H - a potion of agility {unknown}
Books
 x - a book of Conjurations

   Spells                             Type                      Level
   a - Magic Dart                     Conjuration                  1
   b - Searing Ray                    Conjuration                  2
   c - Dazzling Spray                 Conjuration/Hexes            3
   d - Fulminant Prism                Conjuration/Hexes            4
   e - Force Lance                    Conjuration/Translocation    4
   f - Iskenderun's Mystic Blast      Conjuration                  4
   Trog disapproves of the use of such an item.
Comestibles
 c - 4 bread rations
 f - 4 royal jellies
 r - 4 meat rations
 s - 3 fruits


   Skills:
 + Level 7.9 Fighting
 * Level 10.6 Axes
 + Level 7.5 Armour
 + Level 6.8 Dodging


You had 8 spell levels left.
You didn't know any spells.

Dungeon Overview and Level Annotations

Branches:
Dungeon (8/15)             Temple (0/1) D:6
   Lair: D:8-11

Altars:
Ashenzari
Cheibriados
Hepliaklqana
Makhleb
Nemelex Xobeh
Okawaru
Ru
Sif Muna
Trog
Uskayaw
Vehumet
Xom

Shops:
D:5 (


Innate Abilities, Weirdness & Mutations

You reflexively headbutt those who attack you in melee.
You have a pair of horns on your head.


Message History

The hornet stings you!
You feel as though you will be slow longer.
The hornet stings you.
* * * LOW HITPOINT WARNING * * *
You feel as though you will be slow longer.
The hornet stings you!
* * * LOW HITPOINT WARNING * * *
You are more poisoned.
You feel as though you will be slow longer.
You closely miss the hornet. You headbutt the hornet!
The hornet is severely wounded.
* * * LOW HITPOINT WARNING * * *
You feel very sick. The hornet stings you.
* * * LOW HITPOINT WARNING * * *
You feel as though you will be slow longer.
The hornet stings you but does no damage. x2
It was a potion of brilliance.
You feel clever all of a sudden.
You die...

#.##.# #. #....# #. .
########. .. #......#.
... #.####.#. >... #.#
#.#. ..... #.####.#.
......###########........
......ay@..........##.###
.......###########.##.#
....... #.##.# ###.##.
#....# # #. ###### #. ##


You could see a hornet and a worker ant.

Vanquished Creatures
  A two-headed ogre (D:8)
  The ghost of darxusza the Digger, a novice GrEE of Vehumet (D:6)
  Sigmund (D:4)
  An orc warrior (D:6)
  A sky beast (D:6)
  An ice beast (D:7)
  5 ogres
  A centaur (D:7)
  A big kobold (D:7)
  4 bullfrogs
  A centaur zombie (D:6)
  2 crimson imps (D:7)
  2 hounds (D:4)
  2 iguanas
  2 orc wizards
  Jessica (D:2)
  2 worker ants
  2 killer bee zombies (D:6)
  A hound zombie (D:5)
  A hound skeleton (D:7)
  A worker ant zombie (D:7)
  12 adders
  3 gnolls (D:2)
  4 shadow imps
  An ooze (D:6)
  2 worms (D:3)
  2 dart slugs (D:1)
  11 leopard geckos
  15 orcs
  5 bats
  6 giant cockroaches
  5 goblins
  7 hobgoblins
  11 kobolds
  4 quokkas
  A ball python (D:7)
  A frilled lizard (D:2)
  A giant cockroach zombie (D:5)
  6 rats
131 creatures vanquished.

Notes
Turn   | Place    | Note
-------+----------+-------------------------------------------
     0 | D:1      | tof the Minotaur Berserker began the quest for the Orb.
     0 | D:1      | Reached XP level 1. HP: 19/19 MP: 0/0
   417 | D:1      | Reached XP level 2. HP: 27/27 MP: 1/1
   430 | D:1      | Reached skill level 4 in Axes
   763 | D:2      | Reached XP level 3. HP: 29/33 MP: 2/2
  1061 | D:2      | Reached XP level 4. HP: 34/40 MP: 3/3
  1246 | D:2      | Reached skill level 5 in Axes
  1488 | D:2      | Noticed Jessica
  1502 | D:2      | Killed Jessica
  1502 | D:2      | Reached XP level 5. HP: 26/47 MP: 4/4
  1728 | D:3      | Reached ** piety under Trog
  1780 | D:3      | Found a sparkling altar of Nemelex Xobeh.
  1783 | D:3      | Found a sacrificial altar of Ru.
  1786 | D:3      | Found an iron altar of Okawaru.
  1835 | D:3      | Noticed a hand axe
  1842 | D:3      | Noticed a dagger
  1843 | D:3      | Found a hide-covered altar of Uskayaw.
  2857 | D:4      | Reached XP level 6. HP: 55/55 MP: 5/5
  3007 | D:4      | Found a bloodstained altar of Trog.
  3294 | D:4      | Noticed Sigmund
  3299 | D:4      | Killed Sigmund
  3299 | D:4      | Reached skill level 5 in Fighting
  3299 | D:4      | Reached skill level 6 in Axes
  3476 | D:4      | Found a burning altar of Makhleb.
  3553 | D:5      | Entered Level 5 of the Dungeon
  3583 | D:5      | Found Terad's Weapon Emporium.
  3732 | D:5      | Reached XP level 7. HP: 61/61 MP: 6/6
  3936 | D:5      | Reached *** piety under Trog
  4027 | D:5      | Found a deep blue altar of Sif Muna.
  4295 | D:5      | Found a snail-covered altar of Cheibriados.
  4295 | D:5      | Found a shattered altar of Ashenzari.
  4336 | D:6      | Noticed darxusza's ghost (novice GrEE)
  4463 | D:6      | Killed darxusza's ghost
  4463 | D:6      | Reached skill level 7 in Axes
  4463 | D:6      | Reached skill level 5 in Armour
  4644 | D:5      | Reached XP level 8. HP: 39/70 MP: 7/7
  4931 | D:6      | Reached skill level 8 in Axes
  4931 | D:6      | Reached skill level 5 in Dodging
  4934 | D:6      | Found a radiant altar of Vehumet.
  5242 | D:6      | Found a staircase to the Ecumenical Temple.
  5291 | D:6      | Reached skill level 9 in Axes
  5340 | D:6      | Found a shimmering altar of Xom.
  5466 | D:7      | Found a hazy altar of Hepliaklqana.
  5541 | D:7      | Reached **** piety under Trog
  5875 | D:7      | Reached XP level 9. HP: 72/79 MP: 8/8
  6148 | D:7      | Found an iron altar of Okawaru.
  6382 | D:7      | Reached skill level 10 in Axes
  6508 | D:8      | Noticed a two-headed ogre
  6513 | D:8      | Killed a two-headed ogre
  6589 | D:8      | Paralysed by a hornet for 1 turns
  6591 | D:8      | HP: 2/81 [hornet (6)]
  6592 | D:8      | Succumbed to a hornet's poison

Vault maps used:
D:1:      matt_arrival_refuge
D:2:      uniq_jessica
D:3:      dancing_weapons_uskayaw, grunt_temple_overflow_diamond
D:4:      lightli_temple_of_fire, makhleb_blood_cavern_becter, moated_statue,
          kennysheep_dice, uniq_sigmund
D:5:      kennysheep_mini, gammafunk_temple_overflow_elements, serial_shops,
          nicolae_shop_crystal, first_bread, serial_bayou_lake_a
D:6:      lemuel_round_altar, lemuel_coloured_pillars_altar,
          minmay_temple_entry_from_below_a, hangedman_decor_riveting,
          hangedman_decor_opposing
D:7:      nicolae_overflow_hidden_temple, grunt_ogre_cave,
          okawaru_ov_weapons_minmay
D:8:      minmay_weird_star, lemuel_mausoleum_altar_kikubaaqudgha

Skill      XL: |  1  2  3  4  5  6  7  8  9 |
---------------+----------------------------+-----
Axes           | 4 5 6 7 9 10 | 10.6
Fighting       | 4 5 6 7 |  7.9
Armour         | 3 4 5 6 7 |  7.5
Dodging        | 3 4 6 |  6.8

Action                   |  1- 3 |  4- 6 |  7- 9 || total
-------------------------+-------+-------+-------++-------
Melee: Hand axe          |    57 |   141 |    90 ||   288
       Headbutt          |     8 |    21 |    45 ||    74
       Battleaxe         |       |       |    85 ||    85
Invok: Berserk           |       |     1 |     4 ||     5
       Trog's Hand       |       |       |     1 ||     1
  Use: Scroll            |       |     4 |     4 ||     8
       Potion            |       |       |     1 ||     1
  Eat: Chunk             |       |     9 |     8 ||    17
       Bread ration      |       |       |     2 ||     2
Armor: Ring mail         |    19 |    20 |       ||    39
       Plate armour      |       |    38 |    99 ||   137
Dodge: Dodged            |    41 |    67 |    79 ||   187

Table legend:
 A = Spawn XP
 B = Non-spawn XP
 C = Spawn XP percentage of total XP
 D = Spawn monster count
 E = Non-spawn monster count
 F = Spawn count percentage of total count
 G = Total turns spent on level
                    A         B        C        D         E        F      G
               +---------+---------+-------+---------+---------+-------+---------
         Total |       0 |    4201 |   0.0 |       0 |     131 |   0.0 |  6592
               +---------+---------+-------+---------+---------+-------+---------
           D:1 |       0 |      33 |   0.0 |       0 |      15 |   0.0 |   751
           D:2 |       0 |     168 |   0.0 |       0 |      22 |   0.0 |   952
           D:3 |       0 |     147 |   0.0 |       0 |      27 |   0.0 |   972
           D:4 |       0 |     338 |   0.0 |       0 |       6 |   0.0 |   878
           D:5 |       0 |     221 |   0.0 |       0 |      13 |   0.0 |  1077
           D:6 |       0 |    1465 |   0.0 |       0 |      25 |   0.0 |   836
           D:7 |       0 |     952 |   0.0 |       0 |      22 |   0.0 |  1022
           D:8 |       0 |     877 |   0.0 |       0 |       1 |   0.0 |   104
               +---------+---------+-------+---------+---------+-------+---------
